 Dungeon Sprint DCSS version 0.29.1-2-gbd0b4ee654 (webtiles) character file.

Game seed: 11734195011294128584

749 Groucho the Covert (level 7, -1/35 HPs)
             Began as a Spriggan Enchanter on Nov 5, 2022.
             Succumbed to a water moccasin's poison
             ... in the Dungeon (Sprint II: "The Violet Keep of Menkaure").
             The game lasted 00:01:54 (115 turns).

Groucho the Covert (Spriggan Enchanter)              Turns: 115, Time: 00:01:55

Health: -1/35      AC:  2    Str:  5    XL:     7   Next: 48%
Magic:  16/19      EV: 22    Int: 21    God:
Gold:   729        SH:  0    Dex: 14    Spells: 22/22 levels left

rFire   . . .      SeeInvis +   a - +1 dagger
rCold   . . .      Faith    .   (no shield)
rNeg    . . .      Spirit   .   b - +0 robe
rPois   .          Reflect  .   (helmet restricted)
rElec   .          Harm     .   (no cloak)
rCorr   .          Rampage  .   (gloves unavailable)
Will    +....      Rage     3%  (boots unavailable)
Stlth   +++++..... NoTele   +   (no amulet)
HPRegen 0.11/turn               (no ring)
MPRegen 0.16/turn               (no ring)

@: lethally poisoned (-1 -> -8), on berserk cooldown, very quick
A: very small, no large weapons, unfitting armour, see invisible, speed 3,
berserk 1, clever 1, noise suppression
a: no special abilities


You were in the Dungeon.
You visited 1 branch You collected 729 gold pieces.

Inventory:

Hand Weapons
 a - a +1 dagger (weapon)
Armour
 b - a +0 robe (worn)
Scrolls
 i - a scroll of blinking
Potions
 c - a potion of invisibility
 g - 2 potions of magic


   Skills:
 + Level 2.6 Fighting
 * Level 8.1 Short Blades
 * Level 10.0 Dodging
 * Level 12.2 Stealth
 + Level 8.2 Spellcasting
 * Level 9.6 Hexes


You had 22 spell levels left.
You didn't know any spells.
Your spell library contained the following spells:

 Spells                   Type           Power      Damage    Failure   Level
 Ensorcelled Hibernation  Hex/Ice        56%        N/A       1%          2
 Confusing Touch          Hex            49%        N/A       1%          3
 Tukima's Dance           Hex            49%        N/A       1%          3
 Dazzling Flash           Conj/Hex       56%        N/A       3%          3


Dungeon Overview and Level Annotations

Branches:
Dungeon (1/1)

Altars:

Annotations:
D exclusion: ice statue, Roxanne


Innate Abilities, Weirdness & Mutations

You are very small and have problems with some larger weapons.
You are too small for most types of armour.
You have supernaturally acute eyesight. (SInv)
You cover ground extremely quickly. (Speed+++)
You sometimes lose your temper in combat.
Your mind is acute. (Int +4, Str/Dex -1)
You passively dampen the noise of your surroundings.


Message History

You feel very sick. The water moccasin closely misses you.
Unknown command.
You closely miss the water moccasin.
The water moccasin is heavily wounded.
* * * LOW HITPOINT WARNING * * *
You feel very sick.
The water moccasin completely misses you.
The water moccasin bites you.
* * * LOW HITPOINT WARNING * * *
You feel better.
The water moccasin completely misses you.
The water moccasin bites you!
* * * LOW HITPOINT WARNING * * *
You hit the water moccasin.
The water moccasin is severely wounded.
The water moccasin barely misses you.
You hit the water moccasin.
The water moccasin is severely wounded.
The water moccasin barely misses you.
You barely miss the water moccasin.
The water moccasin is severely wounded.
The water moccasin barely misses you.
You hit the water moccasin but do no damage.
The water moccasin is severely wounded.
You feel yourself speed up. The water moccasin bites you.
* * * LOW HITPOINT WARNING * * *
You are lethally poisoned!
The water moccasin poisons you! The water moccasin misses you.
Unknown command.
You miss the water moccasin.
The water moccasin is severely wounded.
* * * LOW HITPOINT WARNING * * *
You feel sick. The water moccasin bites you.
* * * LOW HITPOINT WARNING * * *
Unknown command.
Okay, then.
Unknown command.
You die...

≈≈8 ≈≈ ≈≈
+++# ...
#+##
####.##
#..##.# #
#.@.#### #l
##S###†##
#$##.##...#
#+.<.'.##+
#.##.##...#
#l
##'###.## #
##..#####
#††##†#
##.#.#


You could see a water moccasin.

Vanquished Creatures
  4 neqoxecs (D)
  4 necrophages (D)
  3 worms (D)
11 creatures vanquished.

Notes
Turn   | Place    | Note
-------+----------+-------------------------------------------
     0 | D        | Groucho the Spriggan Enchanter began the quest for the Orb.
     0 | D        | Reached XP level 1. HP: 9/9 MP: 5/5
     3 | D        | Noticed a wyvern
     3 | D        | Noticed a wyvern
    13 | D        | Reached skill level 5 in Stealth
    14 | D        | Noticed Roxanne
    18 | D        | Reached XP level 2. HP: 13/13 MP: 5/7
    27 | D        | Noticed a necrophage
    27 | D        | Noticed a necrophage
    27 | D        | Noticed a necrophage
    27 | D        | Noticed a necrophage
    32 | D        | Killed a necrophage
    33 | D        | Reached skill level 5 in Dodging
    33 | D        | Reached skill level 7 in Stealth
    33 | D        | Reached skill level 5 in Hexes
    33 | D        | Reached XP level 3. HP: 5/16 MP: 6/10
    40 | D        | Killed a necrophage
    41 | D        | Reached skill level 8 in Stealth
    41 | D        | Reached skill level 5 in Spellcasting
    41 | D        | Reached XP level 4. HP: 7/21 MP: 7/12
    42 | D        | Killed a necrophage
    43 | D        | Reached skill level 5 in Short Blades
    43 | D        | Reached skill level 9 in Stealth
    43 | D        | Reached XP level 5. HP: 9/24 MP: 8/15
    50 | D        | Noticed a neqoxec
    50 | D        | Noticed a neqoxec
    50 | D        | Noticed a neqoxec
    50 | D        | Noticed a neqoxec
    52 | D        | Killed a neqoxec
    53 | D        | Reached skill level 1 in Fighting
    53 | D        | Reached skill level 10 in Stealth
    53 | D        | Reached XP level 6. HP: 11/30 MP: 8/17
    59 | D        | Gained mutation: Your mind is acute. (Int +4, Str/Dex -1)
                  | [a neqoxec]
    60 | D        | Gained mutation: You sometimes lose your temper in combat.
                  | [a neqoxec]
    66 | D        | Killed a neqoxec
    66 | D        | Gained mutation: You passively dampen the noise of your
                  | surroundings. [a neqoxec]
    67 | D        | Reached skill level 11 in Stealth
    74 | D        | Killed a neqoxec
    75 | D        | Reached XP level 7. HP: 35/35 MP: 10/19
    83 | D        | Killed a neqoxec
    84 | D        | Reached skill level 10 in Dodging
    84 | D        | Reached skill level 12 in Stealth
    90 | D        | Noticed an ice statue
   114 | D        | HP: 1/35 [water moccasin (1)]
   115 | D        | Succumbed to a water moccasin's poison

Illustrated notes

Levels and vault maps discovered:
D:        the_violet_keep_of_menkaure [sprint2_stairs_cluster_1,
          sprint2_shoproom, sprint2_temple, sprint2_basic_supplies,
          sprint2_obstacle_6, sprint2_obstacle_4, sprint2_obstacle_2,
          sprint2_obstacle_3, sprint2_obstacle_7, sprint2_timed_cluster_1,
          sprint2_smallroom_cluster_1, sprint2_smallroom_final_cluster_1,
          sprint2_transparent_cluster_1, sprint2_second_timed_cluster_1,
          sprint2_sniper_area_1, sprint2_heavy_combat_area_1,
          sprint2_mutation_trap_area_1, sprint2_forest_area_1,
          sprint2_light_combat_area_1, sprint2_behind_water_1,
          sprint2_near_end_vault_1]

Skill      XL: |  1  2  3  4  5  6  7 |
---------------+----------------------+-----
Dodging        | 3 5 6 7 8 9 10 | 10.0
Spellcasting   | 3 4 5 6 7 8 |  8.2
Hexes          | 4 5 6 7 8 9 |  9.6
Short Blades   | 2 3 4 5 6 7 8 |  8.1
Stealth        | 5 7 8 9 10 11 12 | 12.2
Fighting       | 1 2 |  2.6

Action                   |  1- 3 |  4- 6 |  7- 9 || total
-------------------------+-------+-------+-------++-------
Melee: Dagger            |    14 |    19 |    25 ||    58
  Use: Potion            |     2 |     2 |     1 ||     5
 Stab: Sleeping          |     4 |     3 |       ||     7
       Invisible         |     2 |       |       ||     2
Armor: Robe              |     1 |     3 |       ||     4
Dodge: Dodged            |     4 |     4 |    20 ||    28
